 Dungeon Sprint DCSS version 0.19.3-4-gbf9329e (webtiles) character file.

541 Kagutsuchi the Fighter (level 7, -9/71 HPs)
             Began as a Pale Draconian Berserker on Jan 28, 2017.
             Was a Believer of Trog.
             Mangled by a tyrant leech (23 damage)
             ... in the Dungeon (Sprint II: "The Violet Keep of Menkaure").
             The game lasted 00:00:31 (337 turns).

Kagutsuchi the Fighter (Pale Draconian Berserker)    Turns: 337, Time: 00:00:32

Health: -9/71      AC:  6    Str: 20    XL:     7   Next: 5%
Magic:  7/7        EV: 16    Int:  7    God:    Trog [**....]
Gold:   243        SH:  0    Dex: 12    Spells: 0 memorised, 6 levels left

rFire  . . .     SeeInvis .     a - +0 falchion
rCold  . . .     Gourm    .     (armour unavailable)
rNeg   . . .     Faith    .     (no shield)
rPois  .         Spirit   .     (helmet restricted)
rElec  .         Reflect  .     (no cloak)
rCorr  .         Harm     .     (no gloves)
MR     .....     NoTele   +     (no boots)
Stlth  +.........               (no amulet)
                                (no ring)
                                (no ring)

@: exhausted, slowed, very slow
A: breathe steam, unfitting armour, cold-blooded, AC +6
a: Breathe Steam, Berserk, Trog's Hand, Burn Spellbooks, Renounce Religion


You were in the Dungeon.
You worshipped Trog.
Trog was pleased with you.
You were not hungry.

You visited 1 branch You collected 243 gold pieces.

Inventory:

Hand Weapons
 a - a +0 falchion (weapon)
 i - a +0 trident
Scrolls
 h - a scroll of blinking
Potions
 c - a potion of curing
 d - a potion of heal wounds
 e - a potion of haste
 f - 2 potions of magic
 g - a potion of berserk rage
Comestibles
 b - a bread ration


   Skills:
 + Level 9.9 Fighting
 + Level 9.9 Long Blades
 + Level 8.1 Dodging


You had 6 spell levels left.
You didn't know any spells.

Dungeon Overview and Level Annotations

Branches:
Dungeon (1/1)

Altars:


Innate Abilities, Weirdness & Mutations

You can breathe blasts of scalding, opaque steam.
Your pale cyan-grey scales are hard. (AC +6)
You cannot fit into any form of body armour.
You are cold-blooded and may be slowed by cold attacks.


Message History

The tyrant leech is moderately wounded.
You are no longer berserk.
You are exhausted.
You feel yourself slow down.
You miss the tyrant leech.
The tyrant leech is moderately wounded.
The tyrant leech bites you!!
* * * LOW HITPOINT WARNING * * *
The tyrant leech draws strength from your injuries!
You slash the tyrant leech!
The tyrant leech is lightly wounded.
The tyrant leech bites you but does no damage.
You closely miss the tyrant leech.
The tyrant leech is lightly wounded.
The tyrant leech misses you.
You riposte.
You hit the tyrant leech.
The tyrant leech is lightly wounded.
You barely miss the tyrant leech.
Your tail-slap misses the tyrant leech.
The tyrant leech is lightly wounded.
The tyrant leech bites you!!
You die...

## .##
##.w ###
#w.
##.###+#
#.รท.##.##
+.#.'.<.+
#...##@##
##.###w#
### .#$ ..
.. ##. .##
## ##


You could see a tyrant leech.

Vanquished Creatures
  A siren (D)
  A tyrant leech (D)
2 creatures vanquished.

Vanquished Creatures (others)
  A crocodile (D)
1 creature vanquished.

Grand Total: 3 creatures vanquished

Notes
Turn   | Place    | Note
-------+----------+-------------------------------------------
     0 | D        | Kagutsuchi the Draconian Berserker began the quest for the Orb.
     0 | D        | Reached XP level 1. HP: 19/19 MP: 1/1
     1 | D        | Noticed a siren
    21 | D        | Killed a siren
    21 | D        | Reached XP level 2. HP: 15/36 MP: 2/2
    21 | D        | Reached XP level 3. HP: 18/41 MP: 3/3
    21 | D        | Reached XP level 4. HP: 21/49 MP: 4/4
    21 | D        | Reached XP level 5. HP: 24/56 MP: 5/5
    21 | D        | Reached XP level 6. HP: 27/62 MP: 6/6
   303 | D        | Noticed a tyrant leech
   303 | D        | Noticed a tyrant leech
   332 | D        | Killed a tyrant leech
   332 | D        | Reached ** piety under Trog
   332 | D        | Your scales start taking on a pale cyan-grey colour.
   332 | D        | Reached XP level 7. HP: 47/71 MP: 7/7
   337 | D        | Mangled by a tyrant leech

Skill      XL: |  1  2  3  4  5  6 |
---------------+-------------------+-----
Fighting       | 8 9 |  9.9
Long Blades    | 8 9 |  9.9
Dodging        | 7 8 |  8.1

Action                   |  1- 3 |  4- 6 |  7- 9 || total
-------------------------+-------+-------+-------++-------
Melee: Falchion          |    17 |    28 |     5 ||    50
       Tailslap          |     3 |     6 |     1 ||    10
Invok: Berserk           |       |     1 |       ||     1
Armor: Skin              |     1 |     1 |     1 ||     3
Dodge: Dodged            |       |     6 |     1 ||     7
       Rpst.: Falchion   |       |     1 |     1 ||     2
